 Dungeon Crawl Stone Soup version 0.24-a0-169-g71aafec (webtiles) character file.

Game seed: 12021579180436054356

322610 robertstho the Luminary of Lethal Lore (level 21, 0/246 HPs)
             Began as a Gnoll Air Elementalist on Mar 6, 2019.
             Was the Champion of Vehumet.
             Succumbed to a green very ugly thing's poison
             ... on level 2 of the Vaults on Mar 7, 2019.
             The game lasted 04:47:32 (65296 turns).

robertstho the Luminary of Lethal Lore (GnAE)      Turns: 65296, Time: 04:47:33

Health: 0/246      AC: 22    Str: 20    XL:     21   Next: 55%
Magic:  15/44      EV: 20    Int: 26    God:    Vehumet [******]
Gold:   1679       SH:  0    Dex: 14    Spells: 13/49 levels left

rFire    . . .     SeeInvis +   b - +4 great sword (holy)
rCold    x . .     Gourm    .   (shield currently unavailable)
rNeg     . . .     Faith    .   I - +3 ring mail of the Moons {+Inv rC- rCorr Stlth+}
rPois    .         Spirit   .   U - +2 helmet
rElec    +         Reflect  .   T - scarf {cloud immunity}
rCorr    +         Harm     .   h - +2 pair of gloves
MR       ++...                  A - +2 pair of boots {Fly}
Stlth    ..........             M - amulet "Ofiykhed" {rElec MR+ Regen+}
HPRegen  0.91/turn              z - ring "Ummumn" {Str+3 SInv}
MPRegen  0.29/turn              J - ring of magical power

@: berserking (expiring), lethally poisoned (0 -> -17), flying, very slightly
contaminated, very quick
A: distributed training, fangs 1, clumsy 1, low mp 1, screaming 2, strong nose
}: 2/15 runes: barnacled, gossamer
a: Renounce Religion, Evoke Invisibility, Stop Flying


You were on level 2 of the Vaults.
You worshipped Vehumet.
Vehumet was exalted by your worship.
You were hungry.

You visited 7 branches of the dungeon, and saw 36 of its levels.
You also visited: Volcano.

You collected 5055 gold pieces.
You spent 3376 gold pieces at shops.

Inventory:

Hand Weapons
 b - a +4 great sword of holy wrath (weapon)
 l - the +11 scimitar "Nuimio Muint" {venom, rElec rF- Int+4 Dex+4}
   (You found it on level 1 of the Orcish Mines)

   It poisons the flesh of those it strikes.
   It affects your intelligence (+4).
   It affects your dexterity (+4).
   It makes you vulnerable to fire.
   It insulates you from electricity.
 m - a +7 vampiric great sword
 r - the +9 shortbow of Articulation {velocity, Str+8 Int-3 Dex+4 Stlth+}
   (You found it on level 1 of the Lair of Beasts)

   Any arrow fired from it inflicts extra damage.
   It affects your strength (+8).
   It affects your intelligence (-3).
   It affects your dexterity (+4).
   It makes you more stealthy.
 Y - the +8 mace "Dajuity" {flame, rN+}
   (You found it on level 6 of the Lair of Beasts)

   It has been specially enchanted to burn those struck by it, causing extra
   injury to most foes and up to half again as much damage against particularly
   susceptible opponents.
   It protects you from negative energy.
Missiles
 Z - 800 arrows
Armour
 h - a +2 pair of gloves (worn)
 A - a +2 pair of boots of flying (worn)
 E - the +2 cloak of Grace {Regen+}
   (You found it on level 8 of the Dungeon)

   It increases your rate of regeneration.
 F - a +3 leather armour of fire resistance
 I - the +3 ring mail of the Moons (worn) {+Inv rC- rCorr Stlth+}
   (You bought it in a shop on level 2 of the Orcish Mines)

   It makes you vulnerable to cold.
   It lets you turn invisible.
   It provides partial protection from all sources of acid and corrosion.
   It makes you more stealthy.
 T - a scarf of cloud immunity (worn)
 U - a +2 helmet (worn)
Jewellery
 f - an uncursed amulet of rage
 g - an uncursed ring of protection from cold
 w - the amulet of Xom's Absentmindedness {Reflect rPois SH+3}
   (You took it off a deep elf archer on level 3 of the Elven Halls)

   [amulet of reflection]

   It shields you and reflects attacks.
   It protects you from poison.
   It affects your SH (+3).
 z - the ring "Ummumn" (left hand) {Str+3 SInv}
   (You found it on level 13 of the Dungeon)

   [ring of see invisible]

   It affects your strength (+3).
   It lets you see invisible.
 J - a ring of magical power (right hand)
 M - the amulet "Ofiykhed" (around neck) {rElec MR+ Regen+}
   (You bought it in a shop on level 2 of the Orcish Mines)

   [amulet of regeneration]

   It insulates you from electricity.
   It affects your resistance to hostile enchantments.
   It increases your rate of regeneration.
 Q - an uncursed ring of protection from fire
Wands
 o - a wand of iceblast (12)
 B - a wand of acid (8)
 P - a wand of disintegration (3)
Scrolls
 n - 6 scrolls of immolation
 t - 12 scrolls of remove curse
 v - 6 scrolls of fog
 y - 8 scrolls of magic mapping
 C - 3 scrolls of silence
 G - 2 scrolls of holy word
 H - 8 scrolls of teleportation
 O - 2 scrolls of acquirement
 S - 3 scrolls of vulnerability
 V - 9 scrolls of identify
 W - 2 scrolls of amnesia
 X - 6 scrolls of enchant armour
Potions
 d - 5 potions of cancellation
 i - 6 potions of haste
 j - 5 potions of lignification
 k - a potion of invisibility
 q - 6 potions of curing
 u - 7 potions of ambrosia
 x - 4 potions of agility
 D - 3 potions of might
 K - a potion of berserk rage
 N - 6 potions of resistance
Miscellaneous
 e - a lamp of fire
Comestibles
 c - 23 rations


   Skills:
 + Level 13.8 Fighting
 + Level 13.8 Short Blades
 + Level 13.8 Long Blades
 + Level 13.8 Axes
 + Level 13.8 Maces & Flails
 + Level 13.8 Polearms
 + Level 13.8 Staves
 + Level 13.8 Slings
 + Level 13.8 Bows
 + Level 13.8 Crossbows
 + Level 13.8 Throwing
 + Level 13.8 Armour
 + Level 14.4 Dodging
 + Level 14.3 Stealth
 + Level 13.8 Shields
 + Level 13.8 Unarmed Combat
 + Level 14.5 Spellcasting
 + Level 12.1 Conjurations
 + Level 11.9 Hexes
 + Level 11.9 Charms
 + Level 11.9 Summonings
 + Level 11.9 Necromancy
 + Level 11.9 Translocations
 + Level 11.9 Transmutations
 + Level 11.9 Fire Magic
 + Level 11.9 Ice Magic
 + Level 12.9 Air Magic
 + Level 11.9 Earth Magic
 + Level 11.9 Poison Magic
 + Level 14.9 Invocations
 + Level 13.8 Evocations


You had 13 spell levels left.
You knew the following spells:

 Your Spells              Type           Power        Failure   Level  Hunger
a - Lee's Rapid Deconstr  Erth           ######....   1%          5    ##.....
b - Swiftness             Chrm/Air       ######..     1%          2    None
c - Fireball              Conj/Fire      ######....   1%          5    ##.....
d - Airstrike             Air            ######....   1%          4    None
e - Lightning Bolt        Conj/Air       ######....   1%          5    ##.....
f - Freezing Cloud        Conj/Ice/Air   ######....   1%          6    ####...
g - Irradiate             Conj/Tmut      ######....   1%          5    ##.....
h - Petrify               Tmut/Erth      ######..     1%          4    None

Your spell library contained the following spells:

 Spells                   Type           Power        Failure   Level  Hunger
 Lehudib's Crystal Spear  Conj/Erth      ######....   43%         8    #######
 Ignition                 Fire           ######....   45%         8    #######
 Glaciate                 Conj/Ice       ######....   99%         9    #######
 Animate Skeleton         Necr           N/A          1%          1    None
 Apportation              Tloc           ######       1%          1    None
 Beastly Appendage        Tmut           ######       1%          1    None
 Confusing Touch          Hex            ######       1%          1    None
 Flame Tongue             Conj/Fire      #####        1%          1    None
 Infusion                 Chrm           ####         1%          1    None
 Magic Dart               Conj           ####         1%          1    None
 Shock                    Conj/Air       ####         1%          1    None
 Sting                    Conj/Pois      ####         1%          1    None
 Summon Butterflies       Summ           ######..     1%          1    None
 Summon Small Mammal      Summ           ####         1%          1    None
 Blink                    Tloc           N/A          1%          2    None
 Call Imp                 Summ           ######..     1%          2    None
 Ensorcelled Hibernation  Hex/Ice        ######       1%          2    None
 Poisonous Vapours        Pois/Air       ######       1%          2    None
 Searing Ray              Conj           ######       1%          2    None
 Shroud of Golubria       Chrm/Tloc      ######....   1%          2    None
 Slow                     Hex            ######..     1%          2    None
 Song of Slaying          Chrm           ######..     1%          2    None
 Sticks to Snakes         Tmut           ######..     1%          2    None
 Sublimation of Blood     Necr           ######....   1%          2    None
 Throw Flame              Conj/Fire      ######       1%          2    None
 Throw Frost              Conj/Ice       ######       1%          2    None
 Confuse                  Hex            ######..     1%          3    None
 Conjure Flame            Conj/Fire      ######..     1%          3    None
 Dazzling Spray           Conj/Hex       ######       1%          3    None
 Gell's Gravitas          Tloc           ######....   1%          3    None
 Ignite Poison            Fire/Tmut/Pois ######..     1%          3    None
 Inner Flame              Hex/Fire       ######..     1%          3    None
 Mephitic Cloud           Conj/Pois/Air  ######..     1%          3    None
 Recall                   Summ/Tloc      N/A          1%          3    None
 Regeneration             Chrm/Necr      ######....   1%          3    None
 Spectral Weapon          Hex/Chrm       ######..     1%          3    None
 Spider Form              Tmut/Pois      ######....   1%          3    None
 Static Discharge         Conj/Air       ######..     1%          3    None
 Animate Dead             Necr           N/A          1%          4    None
 Force Lance              Conj/Tloc      ######..     1%          4    None
 Fulminant Prism          Conj/Hex       ######....   1%          4    None
 Ice Form                 Ice/Tmut       ######..     1%          4    None
 Iskenderun's Mystic Bla  Conj           ######..     1%          4    None
 Sticky Flame             Conj/Fire      ######..     1%          4    None
 Alistair's Intoxication  Tmut/Pois      ######..     1%          5    ##.....
 Blade Hands              Tmut           ######....   1%          5    ##.....
 Borgnjor's Vile Clutch   Necr/Erth      ######....   1%          5    ##.....
 Metabolic Englaciation   Hex/Ice        ######....   1%          5    ##.....
 Silence                  Hex/Air        ######....   1%          5    ##.....
 Yara's Violent Unravell  Hex/Tmut       ######....   1%          5    ##.....
 Bolt of Cold             Conj/Ice       ######....   1%          6    ####...
 Ozocubu's Refrigeration  Ice            ######....   1%          6    ####...
 Darkness                 Hex            ######....   4%          6    ####...
 Death Channel            Necr           ######....   4%          6    ####...
 Shadow Creatures         Summ           N/A          4%          6    ####...
 Simulacrum               Ice/Necr       ######....   4%          6    ####...
 Haunt                    Necr/Summ      ######....   26%         7    ######.
 Ring of Flames           Chrm/Fire      ######....   26%         7    ######.
 Borgnjor's Revivificati  Necr           ######....   90%         8    #######
 Death's Door             Chrm/Necr      ######....   90%         8    #######
 Infestation              Necr           ######....   90%         8    #######
 Necromutation            Tmut/Necr      ######....   90%         8    #######
 Dragon's Call            Summ           ######....   100%        9    #######


Dungeon Overview and Level Annotations

Branches:
Dungeon (15/15)            Temple (0/1) D:4            Lair (6/6) D:11
 Shoals (4/4) Lair:4       Spider (4/4) Lair:2        Slime (0/5) Lair:6
    Orc (2/2) D:10            Elf (3/3) Orc:2        Vaults (2/5) D:14
 Depths (0/5) D:15
  Crypt: Vaults:2-3

Altars:
Ashenzari
Dithmenos
Elyvilon
Fedhas
Hepliaklqana
Makhleb
Nemelex Xobeh
Okawaru
Qazlal
Sif Muna
Uskayaw
Vehumet
Xom
Yredelemnul
Zin
Beogh
Jiyva

Shops:
D:6 [   D:7 !   D:9 ?   D:10 }   D:12 (   Orc:2 (*=?([(=*   Elf:1 (
Shoals:2 :=[*   Vaults:1 !   Vaults:2 !

Portals:
Hell: Lair:6

Annotations:
D:6 279 boots flying
Lair:4 exclusion: 2 oklob plants
Spider:3 2 runed translucent doors, LordUnchemael's ghost, adept MiBe


Innate Abilities, Weirdness & Mutations

Your experience applies equally to all skills.
You have very sharp teeth.
Your uncanny sense of smell can sniff out nearby items.
You are clumsy. (Dex -2)
Your magical capacity is low. (-10% MP)
You sometimes yell uncontrollably at your foes.


Message History

You feel very sick.
The white very ugly thing is engulfed in freezing vapours.
The white very ugly thing barely misses you.
You slash the white very ugly thing!
The white very ugly thing is almost dead.
* * * LOW HITPOINT WARNING * * *
You feel sick.
The white very ugly thing gores you but does no damage.
You barely miss the white very ugly thing.
The white very ugly thing is almost dead.
* * * LOW HITPOINT WARNING * * *
You feel very sick.
You cut the white very ugly thing into ribbons!!!
You kill the white very ugly thing!
Vehumet accepts your kill.
You feel your power returning.
* * * LOW HITPOINT WARNING * * *
You feel sick.
A slime creature comes into view.
You die...

.........J§................
..........§................
...u...u)§§☼...............
...u.....§§§.............^.
###...(###☼##########....##
#.... #○§....# #....##
#.... #§§§...# #....##
#.... #[§....# #....##
#.... #@.....# #....##
#.... #......# #....##
#.... #......# #....##
#....# #......# #....##
#....# #......# #
#....####'#''## #
#########....#.......# #
.............'.......# #
.............#.......# #


There were no monsters in sight!

Vanquished Creatures
  Mara (Shoals:4)
  A lich (Vaults:1)
  2 deep elf master archers (Elf:3)
  2 deep elf blademasters (Elf:3)
  Asterion (Vaults:1)
  Kirke (Shoals:3)
  Ilsuiw (Shoals:4)
  4 deep elf sorcerers
  A frost giant (Shoals:4)
  7 ghost moths
  A fire giant (Orc:1)
  6 vault wardens
  4 emperor scorpions
  An orc warlord (Orc:2)
  3 deep elf elementalists (Elf:3)
  3 ironheart preservers
  4 very ugly things (Vaults:2)
  3 entropy weavers
  11 deep elf annihilators
  6 deep elf demonologists
  Azrael (D:13)
  A red draconian (Volcano)
  8 deep elf death magi (Elf:3)
  7 merfolk javelineers
  3 ettins (Orc:1)
  2 deep elf high priests (Elf:3)
  3 fire dragons
  12 merfolk impalers
  3 ogre magi
  4 yaktaur captains
  An ice dragon (Vaults:2)
  A great orb of eyes (Vaults:2)
  2 rakshasas
  A vault guard (Vaults:1)
  The ghost of Idauwe the Commander, a journeyman DsFi of Okawaru (Lair:3)
  10 hydras
  13 two-headed ogres
  2 merfolk aquamancers (Shoals:4)
  2 alligator snapping turtles (Shoals:4)
  6 centaur warriors
  2 merfolk avatars
  2 tengu warriors
  A death knight (D:15)
  22 dancing weapons
  4 satyrs
  11 death yaks
  2 orc high priests (Orc:2)
  Sonja (D:10)
  27 deep elf knights
  3 skeletal warriors (Vaults:2)
  2 unseen horrors
  2 wizards
  9 sea snakes
  A shadow wraith (Vaults:1)
  2 glowing orange brains (Vaults:1)
  An entropy weaver zombie (Vaults:2)
  Pikel (D:5)
  8 deep elf archers
  2 phantasmal warriors
  4 ironbrand convokers (Vaults:1)
  A necromancer (Vaults:2)
  15 orb spiders
  3 harpies (shapeshifter)
  15 harpies
  8 orc knights
  50 deep elf magi
  20 cyclopes
  6 ugly things
  5 orc sorcerers
  16 fauns
  3 moths of wrath
  34 wolf spiders
  11 manticores
  8 elephants
  A water nymph (Shoals:4)
  A smoke demon (Lair:6)
  7 centaur zombies
  4 merfolk sirens
  2 naga magi (D:15)
  7 black mambas
  4 vault sentinels
  2 molten gargoyles (Volcano)
  2 centaur skeletons
  A torpor snail (Spider:2)
  3 orange demons (Lair:6)
  9 spiny frogs
  8 komodo dragons
  16 yaktaurs
  A kobold demonologist (D:15)
  2 gargoyles
  6 rime drakes
  3 freezing wraiths
  10 demonic crawlers
  2 red devils (Lair:6)
  4 harpy zombies (Shoals:3)
  4 polar bears (Lair:4)
  2 queen bees (shapeshifter)
  2 tengu conjurers
  12 trolls
  25 merfolk
  34 jumping spiders
  6 meliai
  5 wind drakes
  2 dream sheep (D:10)
  9 snapping turtles
  9 hornets
  22 blink frogs
  22 hippogriffs
  9 slime creatures
  43 tarantellas
  5 water elementals
  86 redbacks
  2 fire bats (Volcano)
  An air elemental (Elf:3)
  3 shadows
  23 yaks
  5 hogs (Shoals:3)
  2 hungry ghosts
  A steam dragon (Lair:4)
  14 vampire mosquitoes
  5 fire elementals
  A soldier ant (D:11)
  10 wargs
  An acid dragon (D:15)
  34 orc warriors
  Duvessa (D:7)
  17 water moccasins
  7 hell hounds
  10 porcupines
  3 black bears
  A hornet zombie (D:15)
  4 sky beasts
  2 ice beasts
  3 necrophages
  3 phantoms
  3 eyes of draining
  27 ogres
  2 human skeletons (Vaults:2)
  17 centaurs
  17 wolves
  23 crocodiles
  14 bullfrogs
  3 big kobolds (D:10)
  A gnoll sergeant (D:5)
  3 earth elementals
  A wyvern zombie (D:8)
  Dowan (D:6)
  4 scorpions
  2 wyvern skeletons
  19 killer bees
  An elf simulacrum (Vaults:2)
  3 howler monkeys (D:10)
  11 wights
  10 crimson imps
  9 electric eels
  8 lava snakes (Volcano)
  A human simulacrum (Vaults:2)
  3 bullfrog zombies
  20 orc priests
  A gnoll shaman (Orc:2)
  15 hounds
  A bullfrog skeleton (D:10)
  6 jellies
  15 orc wizards
  Jessica (D:8)
  Ijyb (D:3)
  12 iguanas
  14 worker ants
  A killer bee zombie (D:8)
  A hound skeleton (D:8)
  12 gnolls
  2 worker ant zombies (D:5)
  10 adders
  3 shadow imps
  3 oozes
  An adder zombie (D:5)
  3 adder skeletons
  2 worms
  2 dart slugs (D:1)
  10 leopard geckos
  92 orcs
  5 giant cockroaches
  10 goblins
  9 hobgoblins
  6 jackals
  13 kobolds
  8 quokkas
  A ball python (D:1)
  A bat (D:2)
  3 frilled lizards
  2 quokka skeletons
  8 rats
  A spectral orc (D:3)
  A bush (Shoals:3)
  A butterfly (Lair:4)
  2 crawling corpses (Elf:3)
  4 fungi
  18 plants
1497 creatures vanquished.

Vanquished Creatures (collateral kills)
  Jory (Vaults:2)
1 creature vanquished.

Vanquished Creatures (others)
  A merfolk aquamancer (Shoals:4)
  A satyr (Shoals:1)
  A demonic crawler (Spider:3)
  A merfolk (Shoals:1)
  A worm (D:5)
  57 fungi
  28 plants
90 creatures vanquished.

Grand Total: 1588 creatures vanquished

Notes
Turn   | Place    | Note
-------+----------+-------------------------------------------
     0 | D:1      | robertstho the Gnoll Air Elementalist began the quest for
                  | the Orb.
     0 | D:1      | Reached XP level 1. HP: 13/13 MP: 6/6
   221 | D:1      | Reached XP level 2. HP: 19/19 MP: 7/7
   294 | D:1      | Reached XP level 3. HP: 18/25 MP: 5/9
   465 | D:1      | Reached skill level 5 in Spellcasting
   833 | D:1      | Reached skill level 1 in Invocations
  1204 | D:2      | Reached skill level 1 in Fighting
  1204 | D:2      | Reached skill level 1 in Short Blades
  1204 | D:2      | Reached skill level 1 in Long Blades
  1204 | D:2      | Reached skill level 1 in Axes
  1204 | D:2      | Reached skill level 1 in Maces & Flails
  1204 | D:2      | Reached skill level 1 in Polearms
  1204 | D:2      | Reached skill level 1 in Staves
  1204 | D:2      | Reached skill level 1 in Slings
  1204 | D:2      | Reached skill level 1 in Bows
  1204 | D:2      | Reached skill level 1 in Crossbows
  1204 | D:2      | Reached skill level 1 in Throwing
  1204 | D:2      | Reached skill level 1 in Armour
  1204 | D:2      | Reached skill level 1 in Shields
  1204 | D:2      | Reached skill level 1 in Unarmed Combat
  1204 | D:2      | Reached skill level 1 in Evocations
  1275 | D:2      | Reached XP level 4. HP: 13/32 MP: 8/11
  1472 | D:2      | Learned a level 2 spell: Swiftness
  1476 | D:2      | Learned a level 3 spell: Static Discharge
  1481 | D:2      | Learned a level 4 spell: Airstrike
  1591 | D:2      | Found a white marble altar of Elyvilon.
  1746 | D:2      | Found a shadowy altar of Dithmenos.
  2129 | D:3      | Reached skill level 1 in Hexes
  2129 | D:3      | Reached skill level 1 in Charms
  2129 | D:3      | Reached skill level 1 in Summonings
  2129 | D:3      | Reached skill level 1 in Necromancy
  2129 | D:3      | Reached skill level 1 in Translocations
  2129 | D:3      | Reached skill level 1 in Transmutations
  2129 | D:3      | Reached skill level 1 in Fire Magic
  2129 | D:3      | Reached skill level 1 in Ice Magic
  2129 | D:3      | Reached skill level 1 in Earth Magic
  2129 | D:3      | Reached skill level 1 in Poison Magic
  2276 | D:3      | Reached XP level 5. HP: 37/37 MP: 0/12
  2369 | D:3      | Found a radiant altar of Vehumet.
  2375 | D:3      | Became a worshipper of Vehumet
  2431 | D:3      | Found a glowing silver altar of Zin.
  2479 | D:3      | Found a shimmering altar of Xom.
  2529 | D:3      | Noticed Ijyb
  2544 | D:3      | Killed Ijyb
  2750 | D:3      | Found a basalt altar of Yredelemnul.
  2788 | D:3      | Found a stormy altar of Qazlal.
  3298 | D:4      | Reached XP level 6. HP: 27/44 MP: 3/13
  3423 | D:4      | Found a staircase to the Ecumenical Temple.
  3458 | D:5      | Entered Level 5 of the Dungeon
  3512 | D:5      | Found a deep blue altar of Sif Muna.
  3820 | D:5      | Reached skill level 5 in Dodging
  4011 | D:5      | Learned a level 5 spell: Lightning Bolt
  4495 | D:5      | Reached * piety under Vehumet
  4495 | D:5      | Offered knowledge of Freeze by Vehumet.
  4495 | D:5      | Reached XP level 7. HP: 50/50 MP: 6/15
  5275 | D:5      | Reached skill level 5 in Stealth
  5407 | D:5      | Reached XP level 8. HP: 19/57 MP: 11/16
  5895 | D:5      | Noticed Pikel
  5928 | D:5      | Killed Pikel
  6295 | D:6      | Found a stormy altar of Qazlal.
  6550 | D:6      | Reached ** piety under Vehumet
  6550 | D:6      | Offered knowledge of Throw Flame by Vehumet.
  6954 | D:6      | Reached XP level 9. HP: 62/65 MP: 4/18
  7311 | D:6      | Found an iron altar of Okawaru.
  7318 | D:6      | Found a burning altar of Makhleb.
  7945 | D:6      | Found Zorodobu's Armour Boutique.
  8823 | D:7      | Noticed Duvessa
  8823 | D:7      | Noticed Dowan
  8852 | D:7      | Killed Duvessa
  8879 | D:6      | Killed Dowan
  8881 | D:6      | Offered knowledge of Mephitic Cloud by Vehumet.
  8881 | D:6      | Reached skill level 5 in Invocations
  8886 | D:6      | Learned a level 3 spell: Mephitic Cloud
  9066 | D:7      | Reached XP level 10. HP: 73/73 MP: 7/20
  9159 | D:7      | Found a hazy altar of Hepliaklqana.
  9302 | D:7      | Found Vooxayl's Distillery.
  9345 | D:7      | Found a sparkling altar of Nemelex Xobeh.
  9356 | D:7      | Bought a potion of degeneration for 14 gold pieces
  9356 | D:7      | Bought a potion of magic for 112 gold pieces
  9356 | D:7      | Bought a potion of berserk rage for 70 gold pieces
  9356 | D:7      | Bought a potion of curing for 42 gold pieces
  9356 | D:7      | Bought a potion of curing for 42 gold pieces
  9356 | D:7      | Bought a potion of curing for 42 gold pieces
  9978 | D:8      | Reached *** piety under Vehumet
 10152 | D:8      | Reached skill level 5 in Fighting
 10152 | D:8      | Reached skill level 5 in Short Blades
 10152 | D:8      | Reached skill level 5 in Long Blades
 10152 | D:8      | Reached skill level 5 in Axes
 10152 | D:8      | Reached skill level 5 in Maces & Flails
 10152 | D:8      | Reached skill level 5 in Polearms
 10152 | D:8      | Reached skill level 5 in Staves
 10152 | D:8      | Reached skill level 5 in Slings
 10152 | D:8      | Reached skill level 5 in Bows
 10152 | D:8      | Reached skill level 5 in Crossbows
 10152 | D:8      | Reached skill level 5 in Throwing
 10152 | D:8      | Reached skill level 5 in Armour
 10152 | D:8      | Reached skill level 5 in Shields
 10152 | D:8      | Reached skill level 5 in Unarmed Combat
 10152 | D:8      | Reached skill level 5 in Evocations
 10436 | D:8      | Found a hide-covered altar of Uskayaw.
 10735 | D:8      | Noticed Jessica
 10736 | D:8      | Killed Jessica
 10742 | D:8      | Found a deep blue altar of Sif Muna.
 10991 | D:8      | Got a shimmering iron ring
 10992 | D:8      | Identified the ring of Democracy {Int+6 Dex-5 Stlth-} (You
                  | found it on level 8 of the Dungeon)
 11006 | D:8      | Got a faintly glowing cloak
 11012 | D:8      | Identified the +2 cloak of Grace {Regen+} (You found it on
                  | level 8 of the Dungeon)
 11028 | D:8      | Found a blossoming altar of Fedhas.
 11258 | D:9      | Offered knowledge of Iskenderun's Mystic Blast by Vehumet.
 11528 | D:9      | Found Ziabi's Magic Scroll Shop.
 11533 | D:9      | Bought a scroll of noise for 12 gold pieces
 11533 | D:9      | Bought a scroll of fear for 42 gold pieces
 11533 | D:9      | Bought a scroll of identify for 24 gold pieces
 11533 | D:9      | Bought a scroll of immolation for 42 gold pieces
 11566 | D:9      | Found a shattered altar of Ashenzari.
 11591 | D:9      | Reached skill level 5 in Conjurations
 12148 | D:10     | Entered Level 10 of the Dungeon
 12148 | D:10     | Found Wyorucia's Gadget Emporium.
 12149 | D:10     | Found a staircase to the Orcish Mines.
 12154 | D:10     | Reached **** piety under Vehumet
 12498 | D:10     | Offered knowledge of Venom Bolt by Vehumet.
 12831 | D:10     | Reached XP level 11. HP: 81/81 MP: 11/22
 12933 | D:10     | Noticed Sonja
 13122 | D:10     | Noticed a two-headed hydra
 13217 | D:10     | Killed Sonja
 13521 | D:10     | Reached skill level 5 in Hexes
 13521 | D:10     | Reached skill level 5 in Charms
 13521 | D:10     | Reached skill level 5 in Summonings
 13521 | D:10     | Reached skill level 5 in Necromancy
 13521 | D:10     | Reached skill level 5 in Translocations
 13521 | D:10     | Reached skill level 5 in Transmutations
 13521 | D:10     | Reached skill level 5 in Fire Magic
 13521 | D:10     | Reached skill level 5 in Ice Magic
 13521 | D:10     | Reached skill level 5 in Earth Magic
 13521 | D:10     | Reached skill level 5 in Poison Magic
 13531 | D:10     | Killed a two-headed hydra
 13912 | D:11     | Noticed a red ugly thing
 14020 | D:11     | Reached ***** piety under Vehumet
 14060 | D:11     | Offered knowledge of Irradiate by Vehumet.
 14179 | D:10     | Killed a red ugly thing
 14395 | D:11     | Noticed a centaur warrior
 14413 | D:11     | Killed a centaur warrior
 14589 | Orc:1    | Entered Level 1 of the Orcish Mines
 14589 | Orc:1    | Noticed a cyclops
 14682 | Orc:1    | Noticed a cyclops
 14845 | D:10     | Killed a cyclops
 15342 | D:11     | Reached XP level 12. HP: 89/89 MP: 3/24
 15722 | D:11     | Found a staircase to the Lair.
 15995 | D:11     | Learned a level 5 spell: Irradiate
 16000 | D:11     | Learned a level 4 spell: Petrify
 16577 | D:12     | Found Weoliw's Antique Weapon Boutique.
 17416 | D:13     | Noticed a centaur warrior
 17424 | D:13     | Killed a centaur warrior
 17496 | D:13     | Got an encrusted dagger
 17497 | D:13     | Identified the cursed +0 dagger "Earthworm" {pierce, MP+9
                  | Str+3} (You found it on level 13 of the Dungeon)
 17677 | D:6      | Bought a +2 pair of boots of flying for 279 gold pieces
 17813 | Lair:1   | Entered Level 1 of the Lair of Beasts
 18180 | Lair:1   | Found a dark tunnel.
 18195 | Volcano  | Entered a volcano
 18628 | Volcano  | Found a burning altar of Makhleb.
 18628 | Volcano  | Noticed a two-headed ogre
 18628 | Volcano  | Noticed a two-headed ogre
 18628 | Volcano  | Noticed an ogre mage
 18628 | Volcano  | Noticed a two-headed ogre
 18636 | Volcano  | Noticed a red draconian
 18638 | Volcano  | Killed an ogre mage
 18639 | Volcano  | Killed a two-headed ogre
 18639 | Volcano  | Killed a two-headed ogre
 18639 | Volcano  | Noticed a two-headed ogre
 18643 | Volcano  | Killed a two-headed ogre
 18648 | Volcano  | Killed a red draconian
 18648 | Volcano  | Reached XP level 13. HP: 38/98 MP: 10/26
 19809 | Lair:1   | Offered knowledge of Fireball by Vehumet.
 19823 | Lair:1   | Learned a level 5 spell: Fireball
 20306 | Lair:1   | Got a transparent shortbow
 21068 | Lair:2   | Found a hole to the Spider Nest.
 22585 | Lair:2   | Identified the +9 shortbow of Articulation {velocity, Str+8
                  | Int-3 Dex+4 Stlth+} (You found it on level 1 of the Lair of
                  | Beasts)
 22675 | Lair:2   | Got a shimmering leather armour
 22686 | Lair:2   | Identified the +2 leather armour of Orthodoxy {MR- Str+3
                  | Int+2 Dex+3} (You found it on level 2 of the Lair of
                  | Beasts)
 22986 | Lair:3   | Identified 2 scrolls of acquirement
 23030 | Lair:3   | Found a runed translucent door.
 23031 | Lair:3   | Noticed Idauwe's ghost (journeyman DsFi)
 23795 | Lair:3   | Killed Idauwe's ghost
 24252 | Lair:4   | Offered knowledge of Lee's Rapid Deconstruction by Vehumet.
 24253 | Lair:4   | Reached skill level 10 in Spellcasting
 24372 | Lair:4   | Reached XP level 14. HP: 82/106 MP: 4/28
 24387 | Lair:4   | Learned a level 5 spell: Lee's Rapid Deconstruction
 24563 | Lair:4   | Found a staircase to the Shoals.
 26298 | Lair:5   | Reached skill level 10 in Dodging
 27145 | Lair:6   | Entered Level 6 of the Lair of Beasts
 27482 | Lair:5   | Reached skill level 10 in Stealth
 27612 | Lair:6   | Found a staircase to the Slime Pits.
 27612 | Lair:6   | Found a viscous altar of Jiyva.
 27619 | Lair:6   | HP: 3/108 [wizard/orb of energy (28)]
 27966 | Lair:6   | Reached skill level 10 in Invocations
 29816 | Lair:6   | Offered knowledge of Poison Arrow by Vehumet.
 31050 | Lair:6   | Reached XP level 15. HP: 114/114 MP: 12/29
 31824 | Lair:6   | Found a burning altar of Makhleb.
 31892 | Lair:6   | Found a gateway to Hell.
 31904 | Lair:6   | Got a brightly glowing mace
 31905 | Lair:6   | Identified the +8 mace "Dajuity" {flame, rN+} (You found it
                  | on level 6 of the Lair of Beasts)
 33886 | Orc:1    | You are sucked into a shaft!
 33886 | Orc:2    | Entered Level 2 of the Orcish Mines
 33886 | Orc:2    | Found Rafat's Antique Weapon Shoppe.
 33898 | Orc:2    | Found Cudin's Magic Scroll Shoppe.
 33925 | Orc:2    | Bought a scroll of identify for 26 gold pieces
 33925 | Orc:2    | Bought a scroll of identify for 26 gold pieces
 33925 | Orc:2    | Bought a scroll of identify for 26 gold pieces
 33942 | Orc:2    | Noticed an orc warlord
 33943 | Orc:2    | Paralysed by an orc sorcerer for 6 turns
 34237 | Orc:2    | Found Geissed's Jewellery Shoppe.
 34237 | Orc:2    | Found Xoem's General Store.
 34239 | Orc:2    | Paralysed by an orc sorcerer for 3 turns
 34461 | Orc:2    | Found Caut's Antique Weapon Emporium.
 34505 | Orc:2    | Found Poha's Antique Armour Boutique.
 35189 | Orc:2    | Killed an orc warlord
 35508 | Orc:1    | Offered knowledge of Conjure Ball Lightning by Vehumet.
 35508 | Orc:1    | Reached skill level 10 in Air Magic
 36275 | Orc:1    | Reached skill level 10 in Fighting
 36275 | Orc:1    | Reached skill level 10 in Short Blades
 36275 | Orc:1    | Reached skill level 10 in Long Blades
 36275 | Orc:1    | Reached skill level 10 in Axes
 36275 | Orc:1    | Reached skill level 10 in Maces & Flails
 36275 | Orc:1    | Reached skill level 10 in Polearms
 36275 | Orc:1    | Reached skill level 10 in Staves
 36275 | Orc:1    | Reached skill level 10 in Slings
 36275 | Orc:1    | Reached skill level 10 in Bows
 36275 | Orc:1    | Reached skill level 10 in Crossbows
 36275 | Orc:1    | Reached skill level 10 in Throwing
 36275 | Orc:1    | Reached skill level 10 in Armour
 36275 | Orc:1    | Reached skill level 10 in Shields
 36275 | Orc:1    | Reached skill level 10 in Unarmed Combat
 36275 | Orc:1    | Reached skill level 10 in Evocations
 36490 | Orc:1    | Identified a ring of the Octopus King {rCorr AC+1 EV+1
                  | Str+1 Int+1 Dex+1}
 36490 | Orc:1    | Noticed a fire giant
 36512 | Orc:1    | HP: 2/115 [fire giant/fireball (17)]
 36517 | Orc:1    | Killed a fire giant
 36525 | Orc:1    | Got a bloodstained scimitar
 36533 | Orc:1    | Identified the +11 scimitar "Nuimio Muint" {venom, rElec
                  | rF- Int+4 Dex+4} (You found it on level 1 of the Orcish
                  | Mines)
 36539 | Orc:1    | Got a slimy arbalest
 36540 | Orc:1    | Identified the +5 arbalest of Nusonuq {flame, *Drain +Fly
                  | rPois SInv} (You found it on level 1 of the Orcish Mines)
 37231 | Orc:2    | Bought a jewelled ring mail for 243 gold pieces
 37241 | Orc:2    | Identified the +3 ring mail of the Moons {+Inv rC- rCorr
                  | Stlth+} (You bought it in a shop on level 2 of the Orcish
                  | Mines)
 37277 | Orc:2    | Bought an uncursed ring of magical power for 220 gold
                  | pieces
 37414 | Orc:2    | Found Qap Keush's Jewellery Emporium.
 37425 | Orc:2    | Bought the amulet "Ofiykhed" {rElec MR+ Regen+} for 744
                  | gold pieces
 37453 | Orc:2    | Found Fagruot's Antique Weapon Boutique.
 37491 | Orc:2    | Found Rannawno's General Store.
 37622 | Orc:2    | Bought a scroll of enchant armour for 105 gold pieces
 37634 | Orc:2    | Found a staircase to the Elven Halls.
 37933 | Orc:2    | Found a roughly hewn altar of Beogh.
 38682 | D:13     | Noticed Azrael
 38982 | D:13     | Killed Azrael
 39568 | D:13     | Got a warped iron ring
 39633 | D:13     | Identified the ring "Ummumn" {Str+3 SInv} (You found it on
                  | level 13 of the Dungeon)
 39867 | D:14     | Offered knowledge of Freezing Cloud by Vehumet.
 39867 | D:14     | Reached XP level 16. HP: 122/122 MP: 31/31
 39884 | D:14     | Learned a level 6 spell: Freezing Cloud
 40178 | D:14     | Found a gate to the Vaults.
 40717 | D:15     | Entered Level 15 of the Dungeon
 42230 | D:15     | Found a staircase to the Depths.
 42608 | Orc:2    | Bought the cursed +1 glaive of the Common Good {freeze,
                  | rElec rPois Dex+2} for 505 gold pieces
 42794 | Spider:1 | Entered Level 1 of the Spider Nest
 42832 | Spider:1 | Offered knowledge of Orb of Destruction by Vehumet.
 43626 | Spider:2 | Reached XP level 17. HP: 131/131 MP: 32/33
 44787 | Orc:2    | Bought an uncursed ring of poison resistance for 220 gold
                  | pieces
 45222 | Spider:2 | Reached ****** piety under Vehumet
 46120 | Spider:3 | HP: 6/131 [poisoned by a wolf spider]
 46422 | Spider:3 | Found a large runed translucent door.
 46423 | Spider:3 | Found a large runed translucent door.
 46429 | Spider:3 | Reached skill level 10 in Conjurations
 46643 | Spider:3 | Noticed LordUnchemael's ghost (adept MiBe)
 46686 | Spider:4 | Entered Level 4 of the Spider Nest
 46697 | Spider:4 | Offered knowledge of Lehudib's Crystal Spear by Vehumet.
 46697 | Spider:4 | Offered knowledge of Glaciate by Vehumet.
 46697 | Spider:4 | Offered knowledge of Ignition by Vehumet.
 47126 | Spider:3 | Gained mutation: You occasionally shout uncontrollably at
                  | your foes. [mutagenic glow]
 47782 | Spider:4 | Reached skill level 10 in Hexes
 47782 | Spider:4 | Reached skill level 10 in Charms
 47782 | Spider:4 | Reached skill level 10 in Summonings
 47782 | Spider:4 | Reached skill level 10 in Necromancy
 47782 | Spider:4 | Reached skill level 10 in Translocations
 47782 | Spider:4 | Reached skill level 10 in Transmutations
 47782 | Spider:4 | Reached skill level 10 in Fire Magic
 47782 | Spider:4 | Reached skill level 10 in Ice Magic
 47782 | Spider:4 | Reached skill level 10 in Earth Magic
 47782 | Spider:4 | Reached skill level 10 in Poison Magic
 47829 | Spider:4 | Reached XP level 18. HP: 117/139 MP: 6/34
 48913 | Spider:2 | Gained mutation: Your magical capacity is low. (-10% MP)
                  | [mutagenic glow]
 49957 | Spider:4 | Got a gossamer rune of Zot
 50299 | Elf:1    | Entered Level 1 of the Elven Halls
 50992 | Elf:1    | Found Usumoisu's Antique Weapon Shoppe.
 51484 | Elf:1    | Identified the Papyrus of Supportive Conjuration
 52213 | Elf:2    | Found a runed translucent gate.
 52214 | Elf:2    | Found a runed translucent gate.
 52218 | Elf:2    | Found a runed translucent gate.
 52893 | Elf:2    | Reached XP level 19. HP: 102/147 MP: 28/32
 53252 | Elf:3    | Entered Level 3 of the Elven Halls
 54553 | Elf:3    | Identified the +3 battleaxe of the Kidney {vamp, Int+4
                  | Dex-3}
 54675 | Elf:3    | Identified the amulet of Xom's Absentmindedness {Reflect
                  | rPois SH+3}
 54900 | Elf:3    | Identified the +4 scale mail of Selips {+Fly rF++ rC+
                  | Slay-2}
 55237 | Elf:3    | Identified the +8 great mace of Pestilence {drain, MP+9}
 55404 | Elf:3    | Identified the cursed +1 quarterstaff "Leddi" {protect,
                  | rElec rF+ MR-}
 55465 | Elf:3    | Gained mutation: You sometimes yell uncontrollably at your
                  | foes. [mutagenic glow]
 55512 | Elf:3    | Gained mutation: You are clumsy. (Dex -2) [mutagenic glow]
 56162 | Shoals:1 | Entered Level 1 of the Shoals
 56352 | Shoals:1 | Upgraded the game from 0.24-a0-165-g1b465fe to
                  | 0.24-a0-169-g71aafec
 57008 | Shoals:1 | Reached XP level 20. HP: 120/155 MP: 7/33
 57477 | Shoals:2 | Found Doivayf's Jewellery Shop.
 57504 | Shoals:2 | Found Esoenn's Armour Shoppe.
 57761 | Shoals:2 | Found Minofet's Book Emporium.
 57968 | Shoals:2 | Found Kiuheag's General Store.
 58648 | Shoals:3 | Noticed Kirke
 58658 | Shoals:3 | Killed Kirke
 59442 | Shoals:4 | Entered Level 4 of the Shoals
 59445 | Shoals:4 | Noticed Ilsuiw
 59625 | Shoals:4 | Killed Ilsuiw
 61057 | Shoals:4 | Got a barnacled rune of Zot
 61127 | Shoals:4 | Noticed Mara
 61140 | Shoals:4 | Noticed robertstho's illusion
 61153 | Shoals:4 | Killed Mara
 61914 | Vaults:1 | Entered Level 1 of the Vaults
 61919 | Vaults:1 | Found Riec Bofia's Distillery.
 61927 | Vaults:1 | Bought 2 potions of curing for 96 gold pieces
 61927 | Vaults:1 | Bought a potion of curing for 48 gold pieces
 62153 | Vaults:1 | Reached XP level 21. HP: 163/163 MP: 30/35
 62348 | Vaults:1 | Noticed Asterion
 62959 | Vaults:1 | Killed Asterion
 63872 | Vaults:2 | Found Moxt's Distillery.
 63880 | Vaults:2 | Bought a potion of resistance for 120 gold pieces
 63880 | Vaults:2 | Bought a potion of heal wounds for 60 gold pieces
 63880 | Vaults:2 | Bought a potion of invisibility for 96 gold pieces
 63880 | Vaults:2 | Bought a potion of haste for 120 gold pieces
 63905 | Vaults:2 | Noticed Jory
 64078 | Vaults:2 | Killed Jory
 64315 | Vaults:2 | HP: 4/164 [white very ugly thing (42)]
 65031 | Vaults:2 | HP: 6/164 [poisoned by a vault warden]
 65290 | Vaults:2 | HP: 10/246 [poisoned by a green very ugly thing]
 65294 | Vaults:2 | HP: 3/246 [poisoned by a green very ugly thing]
 65295 | Vaults:2 | HP: 1/246 [poisoned by a green very ugly thing]
 65296 | Vaults:2 | Succumbed to a green very ugly thing's poison

Levels and vault maps discovered:
D:1:      psy_arrival_fountain, layout_basic
D:2:      layout_basic, lemuel_crystal_altar, elyvilon_altar_3
D:3:      layout_basic, grunt_qazlal_sundering,
          yredelemnul_forgotten_temple_becter, vehumet_crystals,
          nicolae_overflow_hidden_temple, first_ration, xom_teletrap_fun,
          uniq_ijyb
D:4:      layout_rooms, minmay_temple_entry_mini_moons
D:5:      layout_basic, basic_altar, uniq_pikel
D:6:      layout_basic, okawaru_ov_weapons_minmay, serial_shops, shop,
          basic_altar, bloody_makhleb
D:7:      layout_gridville, lemuel_doored_altar, lemuel_round_altar,
          serial_shops, shop, uniq_duvessa
D:8:      layout_basic, tgw_sif, old_standard_altar, kennysheep_mini
D:9:      layout_roguey, lemuel_crystal_altar, serial_shops,
          kennysheep_little_box
D:10:     layout_long_grid, orc_0_dummy, serial_shops, shop_fountains,
          hangedman_ranch [blue_anna_fruit_fields], uniq_sonja
D:11:     layout_layer_cave, grunt_lair_entry_orc_guard_hut, minivault_23
D:12:     layout_loops_corners, serial_shops, shop
D:13:     layout_gridville, uniq_azrael
D:14:     layout_cave_pools, david_vaults_2, dk_noncrumbling_3
D:15:     grunt_enter_depths_magical_seal, layout_long_grid,
          hangedman_abyss_or_decor_stagger
Lair:1:   beast_lair_carwin_large_3, layout_gridlike,
          nicolae_volcano_entry_s_turn, chequers_serial_rivers_marsh
Lair:2:   layout_chaotic_city, spider_nest_entry_webs, grunt_megastairs_4,
          lemuel_fruit_fields
Lair:3:   layout_long_grid, ebering_ghost_inner_flame, serial_bayou_lagoon_b
Lair:4:   layout_small_grid, minmay_shoals_entry_hut, grunt_forest_stairs_basic,
          cheibrodos_lair_lostbears, lemuel_fruit_fields, grunt_megastairs_2,
          serial_bayou_shore_a, minmay_lair_oklob_chamber
Lair:5:   layout_roguey, serial_bayou_lake_a
Lair:6:   evil_forest, layout_regular_city, slime_altar_1
Shoals:1: cheibrodos_shoals_oceanic_diplomacy, layout_shoals
Shoals:2: layout_shoals, serial_shops, shop, shop, shop,
          nicolae_shop_statue_plus
Shoals:3: argonaut_golden_fleece, layout_shoals, nicolae_shoals_undead_eyrie,
          uniq_kirke
Shoals:4: shoals_end_grunt_ice, layout_shoals, shoal_ilsuiw,
          nicolae_shoals_cliffside_cave, uniq_mara
Spider:1: layout_spider_delve, nicolae_spider_webs_and_nodes
Spider:2: layout_spider_delve
Spider:3: layout_spider_delve, ebering_ghost_disaster_area
Spider:4: grunt_spider_rune_parallel
Orc:1:    giant_chief_lemuel, layout_caves
Orc:2:    grunt_orc_gardens, layout_caves, grunt_orc_garden, grunt_orc_garden,
          grunt_orc_garden, grunt_orc_garden, serial_shops,
          nicolae_shop_behind_doors, shop, shop, shop_statue, shop,
          minmay_orc_temple_c
Elf:1:    eino_elf_arrival_shootout, layout_geoelf_octagon, serial_shops,
          nicolae_shop_behind_doors, minmay_elf_sorcery, drop_trap
Elf:2:    layout_onion_city, minmay_fountain_box, drop_trap
Elf:3:    elf_hall, layout_rooms, serial_sigils_hangedman_quiver
Vaults:1: hangedman_vaults_unwind, st_check, ontoclasm_vaults_ring_square,
          nicolae_vaults_alarming, grunt_vaults_twisty, ontoclasm_vaults_fault,
          vaults_dpeg_diagonal, ontoclasm_vaults_ring_small,
          nicolae_vaults_mini_display_case, grunt_vaults_funnel,
          nicolae_vaults_asterisk, layout_vaults_chaotic_city, serial_shops,
          shop, uniq_asterion
Vaults:2: grunt_vaults_trifunnel, nicolae_vaults_little_squares_5,
          v_alt_pattern_5, ontoclasm_vaults_chip, ontoclasm_vaults_shuriken,
          vaults_room_corners, layout_vaults_omnigrid, serial_shops, shop,
          uniq_jory
Volcano:  volcano_lake [vl_original]

Skill      XL: |  1  2  3  4  5  6  7  8  9 10 11 12 13 14 15 16 17 18 19 20 21 |
---------------+----------------------------------------------------------------+-----
Conjurations   | 2 3 4 5 6 7 8 9 10 11 12 | 12.1
Spellcasting   | 5 6 7 8 9 10 11 12 13 14 | 14.5
Invocations    | 1 2 3 4 5 6 7 8 9 10 11 12 13 14 | 14.9
Fighting       | 1 2 3 4 5 6 7 8 9 10 11 12 13 | 13.8
Short Blades   | 1 2 3 4 5 6 7 8 9 10 11 12 13 | 13.8
Long Blades    | 1 2 3 4 5 6 7 8 9 10 11 12 13 | 13.8
Axes           | 1 2 3 4 5 6 7 8 9 10 11 12 13 | 13.8
Maces & Flails | 1 2 3 4 5 6 7 8 9 10 11 12 13 | 13.8
Polearms       | 1 2 3 4 5 6 7 8 9 10 11 12 13 | 13.8
Staves         | 1 2 3 4 5 6 7 8 9 10 11 12 13 | 13.8
Slings         | 1 2 3 4 5 6 7 8 9 10 11 12 13 | 13.8
Bows           | 1 2 3 4 5 6 7 8 9 10 11 12 13 | 13.8
Crossbows      | 1 2 3 4 5 6 7 8 9 10 11 12 13 | 13.8
Throwing       | 1 2 3 4 5 6 7 8 9 10 11 12 13 | 13.8
Armour         | 1 2 3 4 5 6 7 8 9 10 11 12 13 | 13.8
Shields        | 1 2 3 4 5 6 7 8 9 10 11 12 13 | 13.8
Unarmed Combat | 1 2 3 4 5 6 7 8 9 10 11 12 13 | 13.8
Evocations     | 1 2 3 4 5 6 7 8 9 10 11 12 13 | 13.8
Hexes          | 1 2 3 4 5 6 7 8 9 10 11 | 11.9
Charms         | 1 2 3 4 5 6 7 8 9 10 11 | 11.9
Summonings     | 1 2 3 4 5 6 7 8 9 10 11 | 11.9
Necromancy     | 1 2 3 4 5 6 7 8 9 10 11 | 11.9
Translocations | 1 2 3 4 5 6 7 8 9 10 11 | 11.9
Transmutations | 1 2 3 4 5 6 7 8 9 10 11 | 11.9
Fire Magic     | 1 2 3 4 5 6 7 8 9 10 11 | 11.9
Ice Magic      | 1 2 3 4 5 6 7 8 9 10 11 | 11.9
Earth Magic    | 1 2 3 4 5 6 7 8 9 10 11 | 11.9
Poison Magic   | 1 2 3 4 5 6 7 8 9 10 11 | 11.9
Dodging        | 5 6 7 8 9 10 11 12 13 14 | 14.4
Stealth        | 5 6 7 8 9 10 11 12 13 14 | 14.3
Air Magic      | 6 7 8 9 10 11 12 | 12.9

Action                   |  1- 3 |  4- 6 |  7- 9 | 10-12 | 13-15 | 16-18 | 19-21 || total
-------------------------+-------+-------+-------+-------+-------+-------+-------++-------
Melee: Unarmed           |     5 |       |       |       |       |       |       ||     5
       Short sword       |    93 |     3 |       |       |       |       |       ||    96
       Bite              |     4 |     1 |    28 |    62 |    76 |   120 |    54 ||   345
       Dagger            |       |    15 |   218 |   520 |    41 |       |       ||   794
       Punch             |       |     1 |     1 |    17 |    20 |    22 |    13 ||    74
       Hand axe          |       |       |       |     8 |       |       |       ||     8
       Demon whip        |       |       |       |       |   213 |       |       ||   213
       Trident           |       |       |       |       |    69 |       |       ||    69
       Great sword       |       |       |       |       |   223 |   267 |   203 ||   693
       Mace              |       |       |       |       |   166 |    23 |       ||   189
       Glaive            |       |       |       |       |       |   102 |       ||   102
       Scimitar          |       |       |       |       |       |   305 |   147 ||   452
 Fire: Shortbow          |       |       |       |       |   113 |    95 |   606 ||   814
       Longbow           |       |       |       |       |    56 |       |       ||    56
Throw: Tomahawk          |       |       |       |       |    18 |    19 |       ||    37
 Cast: Shock             |     7 |   121 |    38 |    94 |     4 |       |       ||   264
       Static Discharge  |       |     6 |       |    11 |       |       |       ||    17
       Airstrike         |       |    21 |    53 |   190 |   338 |   144 |     3 ||   749
       Lightning Bolt    |       |       |       |    15 |    17 |    25 |    42 ||    99
       Mephitic Cloud    |       |       |       |     8 |     8 |       |       ||    16
       Swiftness         |       |       |       |     2 |     8 |     2 |     1 ||    13
       Petrify           |       |       |       |    13 |   121 |    24 |     2 ||   160
       Irradiate         |       |       |       |     4 |    24 |    30 |     6 ||    64
       Fireball          |       |       |       |       |    14 |     2 |    14 ||    30
       Lee's Rapid Decon |       |       |       |       |   106 |    29 |     5 ||   140
       Freezing Cloud    |       |       |       |       |       |   134 |   250 ||   384
 Abil: Evoke Invisibilit |       |       |       |       |       |    12 |     1 ||    13
Evoke: Wand              |       |       |       |     2 |       |    12 |       ||    14
  Use: Scroll            |       |       |    13 |    15 |    26 |     7 |     9 ||    70
       Potion            |       |       |       |       |    13 |    12 |    10 ||    35
 Stab: Sleeping          |     8 |       |     6 |     3 |     4 |    12 |     2 ||    35
       Distracted        |       |       |     1 |       |     1 |     1 |     1 ||     4
       Confused          |       |       |       |     3 |     3 |       |       ||     6
       Petrified         |       |       |       |    17 |   148 |    27 |       ||   192
       Petrifying        |       |       |       |     6 |    17 |     7 |       ||    30
       Invisible         |       |       |       |       |       |     6 |       ||     6
  Eat: Chunk             |     1 |    14 |    19 |    26 |    52 |    31 |    60 ||   203
       Ration            |       |       |     1 |     4 |    11 |    15 |    11 ||    42
Armor: Robe              |    11 |     6 |       |       |       |       |       ||    17
       Leather armour    |       |       |    37 |   180 |   145 |       |       ||   362
       Ring mail         |       |       |       |       |    97 |   546 |   181 ||   824
Dodge: Dodged            |    78 |    32 |   181 |   441 |   744 |  1145 |   518 ||  3139
Block: Other             |       |       |       |       |       |       |    28 ||    28
       Reflection        |       |       |       |       |       |       |     6 ||     6
       Rpst.: Great sword |       |       |       |       |    58 |    72 |    34 ||   164
       Scimitar          |       |       |       |       |       |    81 |    25 ||   106

Table legend:
 A = Non-vault XP
 B = Vault XP
 C = Vault XP percentage of total XP
 D = Non-vault monster count
 E = Vault monster count
 F = Vault count percentage of total count
                 A         B        C        D         E       F
            +---------+---------+-------+---------+---------+-------
      Total |  298504 |  250523 |  45.6 |    1043 |     433 |  29.3
            +---------+---------+-------+---------+---------+-------
        D:1 |      70 |       0 |   0.0 |      30 |       0 |   0.0
        D:2 |      51 |       0 |   0.0 |      20 |       0 |   0.0
        D:3 |      73 |      37 |  33.6 |      19 |       2 |   9.5
        D:4 |     330 |       0 |   0.0 |      18 |       0 |   0.0
        D:5 |     716 |     641 |  47.2 |      28 |       1 |   3.4
        D:6 |    1257 |      78 |   5.8 |      29 |       1 |   3.3
        D:7 |    1548 |     147 |   8.7 |      22 |       1 |   4.3
        D:8 |    1319 |      37 |   2.7 |      31 |       1 |   3.1
        D:9 |    1916 |       0 |   0.0 |      34 |       0 |   0.0
       D:10 |    2677 |    3479 |  56.5 |      23 |      10 |  30.3
       D:11 |    4398 |     480 |   9.8 |      43 |       4 |   8.5
       D:12 |    2600 |     206 |   7.3 |      25 |       1 |   3.8
       D:13 |    9029 |    2377 |  20.8 |      37 |       8 |  17.8
       D:14 |    6202 |    1778 |  22.3 |      26 |       3 |  10.3
       D:15 |   22598 |    6598 |  22.6 |      56 |      11 |  16.4
     Lair:1 |    4339 |    1639 |  27.4 |      20 |      10 |  33.3
     Lair:2 |    4504 |    1155 |  20.4 |      18 |       5 |  21.7
     Lair:3 |    1100 |    1330 |  54.7 |      10 |       2 |  16.7
     Lair:4 |    7961 |    2471 |  23.7 |      20 |      10 |  33.3
     Lair:5 |   11594 |       0 |   0.0 |      43 |       0 |   0.0
     Lair:6 |   15423 |    8458 |  35.4 |      39 |      24 |  38.1
   Shoals:1 |    9765 |    5104 |  34.3 |      20 |      10 |  33.3
   Shoals:2 |   13592 |       0 |   0.0 |      24 |       0 |   0.0
   Shoals:3 |    7607 |    6270 |  45.2 |      14 |      12 |  46.2
   Shoals:4 |    8152 |   38349 |  82.5 |      19 |      40 |  67.8
   Spider:1 |   16251 |       0 |   0.0 |      52 |       0 |   0.0
   Spider:2 |   15810 |       0 |   0.0 |      50 |       0 |   0.0
   Spider:3 |   16473 |    1741 |   9.6 |      38 |       1 |   2.6
   Spider:4 |   22040 |   23769 |  51.9 |      54 |      55 |  50.5
      Orc:1 |    1387 |   14615 |  91.3 |      30 |      33 |  52.4
      Orc:2 |    1231 |   11104 |  90.0 |      18 |      51 |  73.9
      Elf:1 |   10830 |    9519 |  46.8 |      16 |      14 |  46.7
      Elf:2 |   15390 |   24044 |  61.0 |      21 |      31 |  59.6
      Elf:3 |   18984 |   45290 |  70.5 |      30 |      31 |  50.8
   Vaults:1 |   18586 |   20994 |  53.0 |      22 |      25 |  53.2
   Vaults:2 |   22701 |   12271 |  35.1 |      44 |      18 |  29.0
    Volcano |       0 |    6542 | 100.0 |       0 |      18 | 100.0
            +---------+---------+-------+---------+---------+-------
